 Dungeon Crawl Stone Soup version 0.19-a0-1637-gfc13266 (webtiles) character file.

264 Alarkh the Grave Robber (level 5, -5/35 HPs)
             Began as a Mummy Necromancer on Sept 19, 2016.
             Slain by a bullfrog skeleton (6 damage)
             ... on level 4 of the Dungeon.
             The game lasted 00:04:05 (1689 turns).

Alarkh the Grave Robber (Mummy Necromancer)         Turns: 1689, Time: 00:04:05

Health: -5/35      AC:  5    Str: 11    XL:     5   Next: 98%
Magic:  10/10      EV: 10    Int: 16    God:
Gold:   159        SH:  0    Dex: 12    Spells: 2 memorised, 7 levels left

rFire  x . .     SeeInvis .     h - +0 falchion
rCold  + . .     Gourm    .     j - +0 ring mail (curse)
rNeg   + + +     Faith    .     (no shield)
rPois  ∞         Spirit   .     (no helmet)
rElec  .         Dismiss  .     (no cloak)
rCorr  .         Reflect  .     (no gloves)
MR     .....     Harm     .     (no boots)
Stlth  +.........               (no amulet)
                                (no ring)
                                (no ring)

@: no status effects
A: no food or potions, fire vulnerability, cold resistance 1, negative energy
resistance 3, torment resistance, unbreathing
a: no special abilities


You were on level 4 of the Dungeon.
You were not hungry.

You visited 1 branch of the dungeon, and saw 5 of its levels.

You collected 159 gold pieces.

Inventory:

Hand Weapons
 c - a +0 dagger
 h - a +0 falchion (weapon)
Armour
 a - a +0 robe
 j - a cursed +0 ring mail (worn)
 k - a cursed +0 pair of boots
Scrolls
 d - 2 scrolls of immolation
 e - a scroll of identify
 f - 2 scrolls of magic mapping
 g - a scroll of amnesia {unknown}
 i - a scroll of enchant weapon {unknown}
 l - a scroll of teleportation {unknown}
Books
 b - a book of Necromancy

   Spells                             Type                      Level
   a - Pain                           Necromancy                   1
   b - Animate Skeleton               Necromancy                   1
   c - Vampiric Draining              Necromancy                   3
   d - Regeneration                   Charms/Necromancy            3
   e - Animate Dead                   Necromancy                   4
   f - Control Undead                 Necromancy                   4


   Skills:
 * Level 2.7 Long Blades
 - Level 1.5 Dodging
 - Level 1.5 Stealth
 + Level 3.5 Spellcasting
 + Level 5.3 Necromancy


You had 7 spell levels left.
You knew the following spells:

 Your Spells              Type           Power        Failure   Level  Hunger
a - Pain                  Necr           ###.         6%          1    N/A
b - Vampiric Draining     Necr           ###.......   17%         3    N/A

Dungeon Overview and Level Annotations

Branches:
Dungeon (5/15)
 Temple: D:4-7

Altars:
Ru

Annotations:
D:3 p0werm0de's ghost, amateur OpGl


Innate Abilities, Weirdness & Mutations

You do not eat or drink.
Your flesh is vulnerable to fire.
You are immune to poison.
Your flesh is cold resistant. (rC+)
You are immune to negative energy. (rN+++)
You are immune to unholy pain and torment.
You can survive without breathing.


Message History

You slash the bullfrog skeleton!
The bullfrog skeleton is heavily damaged.
The bullfrog skeleton hits you.
* * * LOW HITPOINT WARNING * * *
The bullfrog skeleton hits you but does no damage.
You hit the bullfrog skeleton but do no damage.
The bullfrog skeleton is heavily damaged.
You miss the phantom.
The phantom blinks!
You hit the bullfrog skeleton but do no damage.
The bullfrog skeleton is heavily damaged.
The bullfrog skeleton hits you.
* * * LOW HITPOINT WARNING * * *
You hit the bullfrog skeleton.
The bullfrog skeleton is severely damaged.
The bullfrog skeleton hits you but does no damage.
The bullfrog skeleton barely misses you.
You hit the bullfrog skeleton.
The bullfrog skeleton is almost destroyed.
The bullfrog skeleton hits you.
You die...

#.............#
##.............#
#..............#
#..............#
#.....!.!#######
#........#
#.$......#
#.ZW###### #..@#
#...# #####


You could see a phantom and a bullfrog skeleton.

Vanquished Creatures
  Sigmund (D:2)
  2 adders (D:3)
  3 oozes
  An adder skeleton (D:4)
  A worm (D:3)
  2 dart slugs
  A leopard gecko (D:3)
  An orc (D:3)
  3 bats
  16 giant cockroaches
  A goblin (D:1)
  4 hobgoblins
  4 jackals (D:3)
  4 quokkas
  2 frilled lizards
  A giant cockroach zombie (D:3)
  6 kobolds
  10 rats
63 creatures vanquished.

Notes
Turn   | Place    | Note
-------+----------+-------------------------------------------
     0 | D:1      | Alarkh the Mummy Necromancer began the quest for the Orb.
     0 | D:1      | Reached XP level 1. HP: 13/13 MP: 3/3
   211 | D:1      | Reached XP level 2. HP: 15/19 MP: 3/5
   739 | D:2      | Reached XP level 3. HP: 21/24 MP: 0/6
   744 | D:2      | Learned a level 3 spell: Vampiric Draining
   810 | D:2      | Noticed Sigmund
   825 | D:2      | Killed Sigmund
   825 | D:2      | Reached skill level 5 in Necromancy
   825 | D:2      | Reached XP level 4. HP: 25/30 MP: 0/9
   825 | D:2      | Reached XP level 5. HP: 29/35 MP: 0/10
  1047 | D:3      | Noticed p0werm0de's ghost (amateur OpGl)
  1192 | D:3      | Found a faded altar of an unknown god.
  1247 | D:3      | Became a worshipper of Ru the Awakened
  1247 | D:3      | Fell from the grace of Ru
  1593 | D:4      | Noticed a phantom
  1633 | D:5      | Entered Level 5 of the Dungeon
  1633 | D:5      | Noticed an ogre
  1687 | D:4      | HP: 1/35 [bullfrog skeleton (3)]
  1689 | D:4      | Slain by a bullfrog skeleton

Vault maps used:
D:1:      onia_arrival_larder, minmay_cut_off
D:2:      uniq_sigmund
D:3:      minmay_roachtagon, ecumenical_altar_1
D:4:      first_bread, grunt_ministairs_1, minmay_misc_feat_room
D:5:      serial_undead, serial_undead_b, serial_undead_d, serial_undead_d,
          serial_undead_d, serial_undead_b, serial_undead_d, serial_undead_a,
          serial_undead_b, serial_undead_b, serial_undead_c,
          lemuel_flamethrower_2

Skill      XL: |  1  2  3 |
---------------+----------+-----
Long Blades    | 2 |  2.7
Spellcasting   | 3 |  3.5
Necromancy     | 5 |  5.3
Dodging        | |  1.5
Stealth        | |  1.5

Action                   |  1- 3 |  4- 6 || total
-------------------------+-------+-------++-------
Melee: Unarmed           |    12 |       ||    12
       Dagger            |    14 |       ||    14
       Falchion          |     2 |    98 ||   100
 Cast: Pain              |    47 |    42 ||    89
Invok: Renounce Religion |       |     1 ||     1
  Use: Scroll            |     1 |     1 ||     2
 Stab: Sleeping          |     1 |       ||     1
Armor: Robe              |     8 |       ||     8
       Ring mail         |       |    30 ||    30
Dodge: Dodged            |    26 |    55 ||    81
